AoeStats
← [KMNB] Bandeira

Arabia

508143600Analyzed
3v3 RM · 12d ago on Sep 21, 2026· 32m 53s· 6 players
Game mode
Random Map
Map size
Normal (6 player)
Population
200
Speed
Normal
Resources
Standard
Victory
Conquest
Starting age
Dark Age
Ending age
Imperial Age
RankedLock teamsTeams togetherTeam positionsShared explorationLock speedFull tech treeHidden civsTurbo modeCheats
Victory
Defeat
🇲🇽 Franks · Mexico
1677
+6
🇺🇸 Turks · United States
1558
+10
🇲🇽 Ethiopians · Mexico
1496
+13
🇧🇷 Magyars · Brazil
1535
-13
🇧🇷 Ethiopians · Brazil
1498
-12
🇧🇷 Malians · Brazil
1244
-4
LAT_Power_
0:50 Loom
9:16 Feudal Age
10:43 Double-Bit Axe
14:23 Fletching
16:06 Padded Archer Armor
29:37 Castle Age
30:13 Bodkin Arrow
29:39 Crossbowman
30:46 Bow Saw
31:33 Ballistics
31:58 Leather Archer Armor
32:43 Wheelbarrow
MZTK | Evil Xandro
5:46 Loom
8:30 Feudal Age
8:42 Man-at-Arms
9:08 Double-Bit Axe
14:13 Fletching
20:08 Castle Age
18:32 Horse Collar
18:44 Gold Mining
20:09 Padded Archer Armor
20:11 Crossbowman
20:47 Bodkin Arrow
25:18 Thumb Ring
25:52 Bow Saw
31:34 Imperial Age
30:37 Ballistics
30:37 Town Watch
32:17 Bracer
33:21 Chemistry
32:21 Arbalester
MztK | SpAwN
5:59 Loom
8:40 Feudal Age
9:25 Double-Bit Axe
14:02 Scale Barding Armor
23:02 Castle Age
21:14 Forging
22:32 Gold Mining
24:07 Chain Barding Armor
26:23 Husbandry
26:43 Bow Saw
27:59 Wheelbarrow
31:31 Hand Cart
[KMNB] Bandeira
5:58 Loom
8:56 Feudal Age
9:28 Double-Bit Axe
17:05 Scale Barding Armor
20:55 Bloodlines
22:02 Horse Collar
25:41 Castle Age
25:47 Light Cavalry
28:03 Chain Barding Armor
31:05 Husbandry
[KMNB] RAGNAR
5:10 Loom
9:40 Feudal Age
19:02 Fletching
24:48 Padded Archer Armor
32:15 Castle Age
[KMNB] Galodoido
8:33 Feudal Age
6:57 Loom
12:17 Fletching
19:18 Padded Archer Armor
26:44 Castle Age
25:29 Gold Mining
25:50 Double-Bit Axe
26:49 Crossbowman
29:25 Bodkin Arrow
31:32 Leather Archer Armor
32:15 Ballistics
Connection lost

Rejoining the realm…

Still unreachable

The connection could not be restored.

Session expired

The server has moved on; the page needs a fresh start.